 Dungeon Crawl Stone Soup version 0.24.0-2-g5b39cebb1c (webtiles) character file.

Game seed: 2924316532133099726, levelgen mode: deterministic

373 Aelig the Gusty (level 6, -2/32 HPs)
             Began as a Tengu Air Elementalist on Oct 29, 2019.
             Slain by a wight
             ... wielding a cursed +0 trident
              (10 damage)
             ... on level 5 of the Dungeon.
             The game lasted 00:22:20 (5565 turns).

Aelig the Gusty (Tengu Air Elementalist)            Turns: 5565, Time: 00:22:20

Health: -2/32      AC:  4    Str:  6    XL:     6   Next: 72%
Magic:  9/10       EV: 15    Int: 17    God:
Gold:   251        SH:  0    Dex: 15    Spells: 2/9 levels left

rFire    . . .     SeeInvis .   b - +2 dagger (freeze)
rCold    . . .     Gourm    .   (no shield)
rNeg     . . .     Faith    .   j - +0 robe (curse)
rPois    .         Spirit   .   (helmet restricted)
rElec    .         Reflect  .   (no cloak)
rCorr    .         Harm     .   s - +1 pair of gloves {archery}
MR       .....                  (boots unavailable)
Stlth    ++........             n - amulet of the acrobat
HPRegen  0.10/turn              i - -2 ring of strength (curse)
MPRegen  0.12/turn              (no ring)

@: flying quickly and evasively, slowed, lightly drained, very slow
A: beak, talons 3, able to fly
a: Stop Flying


You were on level 5 of the Dungeon.
You were hungry.

You visited 1 branch of the dungeon, and saw 6 of its levels.

You collected 251 gold pieces.

Inventory:

Hand Weapons
 b - a +2 dagger of freezing (weapon)
Missiles
 p - 72 stones (quivered)
Armour
 j - a cursed +0 robe (worn)
 s - a +1 pair of gloves of archery (worn)
Jewellery
 i - a cursed -2 ring of strength (left hand)
 n - an amulet of the acrobat (around neck)
Wands
 u - a wand of digging (4)
Scrolls
 a - 3 scrolls of identify
 k - 4 scrolls of enchant weapon
 t - a scroll of noise {unknown}
Potions
 d - 3 potions of brilliance
 e - a potion of degeneration {unknown}
 f - a potion of resistance {unknown}
 g - 2 potions of curing
 h - 2 potions of magic
 m - 2 potions of might {unknown}
 o - a potion of lignification
 q - a potion of cancellation {unknown}
 r - a potion of flight {unknown}
Comestibles
 c - 6 rations
 l - a chunk of flesh


   Skills:
 - Level 2.1(1.9) Dodging
 - Level 2.0(1.7) Stealth
 - Level 2.0(1.7) Spellcasting
 + Level 6.2(5.9) Conjurations
 + Level 7.3(7.0) Air Magic


You had 2 spell levels left.
You knew the following spells:

 Your Spells              Type           Power        Failure   Level  Hunger
a - Shock                 Conj/Air       ###.         1%          1    ##.....
b - Swiftness             Chrm/Air       ##......     7%          2    ###....
c - Airstrike             Air            ####......   11%         4    #####..

Your spell library contained the following spells:

 Spells                   Type           Power        Failure   Level  Hunger
 Static Discharge         Conj/Air       ###.....     4%          3    ####...
 Lightning Bolt           Conj/Air       ###.......   36%         5    ######.


Dungeon Overview and Level Annotations

Branches:
Dungeon (6/15)
 Temple: D:4-7

Altars:
Dithmenos
Fedhas
Okawaru
Uskayaw

Shops:
D:4 :

Annotations:
D:3 2 transporters
D:4 2 transporters, MTVSty1e's ghost, novice MiMo
D:5 Grinder; Pikel


Innate Abilities, Weirdness & Mutations

You have a beak for a mouth.
You have claws for feet.
You can fly continuously.


Message History

The bullfrog completely misses you. The wight completely misses you.
The orc wizard gestures wildly while chanting.
The orc wizard blinks!
The orc wizard mumbles some strange words.
The orc wizard seems to speed up.
The bullfrog completely misses you. The orc wizard casts a spell at you.
You feel yourself slow down.
The orc wizard mumbles some strange words.
The orc wizard blinks!
The bullfrog swells and bulges.
The bullfrog completely misses you.
The orc wizard hits you but does no damage.
The bullfrog completely misses you. x2
The orc wizard hits you but does no damage.
There is a stone staircase leading up here.
The orc wizard hits you but does no damage.
The bullfrog hits you.
* * * LOW HITPOINT WARNING * * *
The wight hits you from afar with a cursed +0 trident!
You die...

#.#####.#.#.#####.#
.........>.........
..)o.....o#.#####.# ###
.########.#.#####.#... .#
.......o..#...#.#.####.##
#######o.................
#.....z.#.#.#.#####..#
#.....F.#.#.#..).....#
#..)..@...#.#.####...#
#.....o.#####5####...#
#.......'.Y.p_..K....#
...........#####.#####..##
...........................
#......######.##########K.#.
#...... #.#...........#
#...... #.#.#.....###.#
#...... #.#.#.#####...#


You could see an orc warrior, a bullfrog, a wight, an orc priest and 2 orc
wizards.

Vanquished Creatures
  A crimson imp (D:5)
  2 orc wizards (D:3)
  A worker ant (D:4)
  3 gnolls (D:5)
  10 adders
  A shadow imp (D:5)
  An ooze (D:2)
  2 adder skeletons (D:4)
  2 worms (D:3)
  5 dart slugs
  2 leopard geckos
  12 orcs
  7 bats
  3 giant cockroaches
  9 goblins
  7 hobgoblins
  9 jackals
  5 kobolds
  4 quokkas
  2 ball pythons (D:2)
  6 frilled lizards
  A quokka skeleton (D:4)
  8 rats
103 creatures vanquished.

Notes
Turn   | Place    | Note
-------+----------+-------------------------------------------
     0 | D:1      | Aelig the Tengu Air Elementalist began the quest for the
                  | Orb.
     0 | D:1      | Reached XP level 1. HP: 10/10 MP: 4/4
   148 | D:1      | Reached XP level 2. HP: 15/15 MP: 3/6
   433 | D:1      | Reached XP level 3. HP: 10/19 MP: 0/7
   934 | D:2      | Reached skill level 5 in Air Magic
  1095 | D:2      | Reached XP level 4. HP: 20/24 MP: 5/8
  1255 | D:2      | Learned a level 2 spell: Swiftness
  1444 | D:2      | Found a shadowy altar of Dithmenos.
  1597 | D:2      | Found a faded altar of an unknown god.
  1604 | D:2      | Gained mutation: You can fly continuously. [Tengu growth]
  1604 | D:2      | Reached XP level 5. HP: 24/28 MP: 7/9
  1936 | D:3      | Reached skill level 6 in Air Magic
  1963 | D:3      | Found a hide-covered altar of Uskayaw.
  2215 | D:3      | Noticed an orc warrior
  2218 | D:3      | Found a transporter.
  2391 | D:3      | Reached skill level 5 in Conjurations
  2519 | D:3      | Learned a level 4 spell: Airstrike
  2970 | D:3      | Found a transporter.
  2986 | D:3      | Found an iron altar of Okawaru.
  3329 | D:4      | Found a transporter.
  3329 | D:4      | Noticed MTVSty1e's ghost (novice MiMo)
  3335 | D:4      | Noticed a hungry ghost
  3436 | D:4      | Reached XP level 6. HP: 23/32 MP: 6/10
  3635 | D:4      | Found a transporter.
  3684 | D:4      | Found Jiyfuala's Book Emporium.
  4355 | D:5      | Entered Level 5 of the Dungeon
  4385 | D:5      | Reached skill level 7 in Air Magic
  4407 | D:5      | Found a shadowy altar of Dithmenos.
  4436 | D:5      | Noticed Grinder
  4675 | D:5      | Noticed a slave
  4705 | D:5      | Noticed a sky beast
  4705 | D:5      | Noticed Pikel
  5129 | D:5      | Noticed a phantom
  5493 | D:5      | Noticed an orc warrior
  5499 | D:6      | Found a blossoming altar of Fedhas.
  5565 | D:5      | Slain by a wight

Levels and vault maps discovered:
D:1:      dpeg_arrival_chambers_temple_mockup, layout_rooms
D:2:      minmay_general_purpose_star, layout_basic, first_ration,
          serial_corexii_hall, corexii_hall_statues_i, corexii_hall_statues_t,
          corexii_hall_statues_l, chequers_ecumenical_altar_simple_redux,
          nrook_mini_backslash, grunt_dithmenos_smoke_and_mirrors
D:3:      layout_loops_corners, eat_drink_and_be_merry_uskayaw,
          gammafunk_temple_overflow_arena
D:4:      layout_cave_pods, serial_shops, shop, gammafunk_ghost_mausoleum
D:5:      layout_basic, lemuel_crystal_altar, serial_shops, shop, uniq_pikel,
          uniq_grinder
D:6:      layout_basic, lemuel_doored_altar, lemuel_crystal_altar, minivault_14,
          bloody_trog

Skill      XL: |  1  2  3  4  5  6 |
---------------+-------------------+-----
Conjurations   | 2 3 4 5 6 |  6.2
Air Magic      | 5 6 7 |  7.3
Dodging        | |  2.1
Stealth        | |  2.0
Spellcasting   | |  2.0

Action                   |  1- 3 |  4- 6 || total
-------------------------+-------+-------++-------
Melee: Club              |    20 |    27 ||    47
       Kick              |     4 |     7 ||    11
       Peck              |     2 |     8 ||    10
       Dagger            |       |    33 ||    33
 Cast: Shock             |    57 |   129 ||   186
 Abil: Fly               |       |     1 ||     1
  Use: Potion            |     1 |     2 ||     3
       Scroll            |       |     6 ||     6
 Stab: Sleeping          |       |     1 ||     1
  Eat: Chunk             |     2 |     9 ||    11
       Ration            |       |     2 ||     2
Armor: Robe              |    34 |    14 ||    48
       Skin              |       |     7 ||     7
Dodge: Dodged            |    55 |   135 ||   190
